 Dungeon Crawl Stone Soup version 0.32-a0-433-g08bcfe7efd (webtiles) character file.

Game seed: 13454648027303311181

616 runemasterragnar the Slasher (level 7, -6/54 (55) HPs)
             Began as a Coglin Gladiator on Feb 22, 2024.
             Was a Follower of Okawaru.
             Mangled by a wight
             ... wielding a +0 scimitar
              (9 damage)
             ... on level 5 of the Dungeon.
             The game lasted 00:05:18 (3692 turns).

runemasterragnar the Slasher (Coglin Gladiator)     Turns: 3692, Time: 00:05:19

HP:   -6/54 (55)    AC: 17    Str: 15    XL:     7   Next: 45%
MP:   7/7           EV: 11    Int:  7    God:    Okawaru [*.....]
Gold: 111           SH:  5    Dex: 17    Spells: 6/6 levels left

rFire   . . .        a - +0 long sword (protect) {Haeun}
rCold   . . .        t - +1 short sword (venom) {Latda}
rNeg    . . .        y - +0 ring mail
rPois   .            c - +0 helmet
rElec   .            i - +2 cloak
rCorr   .            j - +0 pair of gloves
SInv    +            (no boots)
Will    .....        s - amulet of reflection
Stlth   +            w - ring of see invisible
HPRegen 0.29/turn    (no ring)
MPRegen 0.10/turn

%: reflection
@: under a protective aura, immotile, hasted, lightly drained, revved, very
quick
A: off-hand wielding, slow wielding, warmup strikes, legs shutdown
a: Renounce Religion, Heroism


You were on level 5 of the Dungeon.
You worshipped Okawaru.
Okawaru was aware of your devotion.
You visited 1 branch of the dungeon, and saw 5 of its levels.

You collected 171 gold pieces.
You spent 60 gold pieces at shops.

Inventory:

Hand Weapons
 a - a +0 long sword of protection (weapon) {Haeun}
 l - a +1 hammer of holy wrath
 o - a +0 short sword
 r - a +1 mace of holy wrath
 t - a +1 short sword of venom (offhand) {Latda}
Missiles
 d - 3 throwing nets (quivered)
 e - a javelin
Armour
 b - a +0 leather armour
 c - a +0 helmet (worn)
 i - a +2 cloak (worn)
 j - a +0 pair of gloves (worn)
 k - a +0 helmet
 y - a +0 ring mail (worn)
Jewellery
 f - an amulet of the acrobat
 s - an amulet of reflection (around neck)
 w - a ring of see invisible (left grasper)
Talismans
 g - a beast talisman
Wands
 h - a wand of acid (3)
Scrolls
 n - 4 scrolls of identify
 p - a scroll of noise
 v - 2 scrolls of poison {unknown}
 x - 2 scrolls of amnesia
Potions
 m - a potion of curing
 q - 4 potions of brilliance


   Skills:
 + Level 4.9 Fighting
 * Level 7.0 Long Blades
 - Level 1.7 Throwing
 - Level 2.6 Dodging


You had 6 spell levels left.
You didn't know any spells.
Your spell library contained the following spells:

 Spells                   Type           Power      Damage    Failure   Level
 Apportation              Tloc           0%         N/A       67%         1
 Freeze                   Ice            0%         1d3       67%         1
 Necrotise                Necr           0%         1d4       67%         1
 Shock                    Conj/Air       0%         1d3       67%         1
 Jinxbite                 Hex            0%         N/A       80%         2
 Lesser Beckoning         Tloc           0%         N/A       80%         2
 Frozen Ramparts          Ice            0%         1d1       95%         3
 Gell's Gravitas          Tloc           0%         N/A       95%         3
 Hailstorm                Conj/Ice       0%         3d5       95%         3
 Swiftness                Air            0%         N/A       95%         3
 Teleport Other           Tloc           0%         N/A       95%         3
 Vampiric Draining        Necr           0%         2d6       95%         3
 Airstrike                Air            0%         2d(0-16)  100%        4
 Alistair's Intoxication  Alch           0%         N/A       100%        5
 Curse of Agony           Necr           0%         N/A       100%        5
 Martyr's Knell           Necr/Summ      Unusable   N/A       N/A         4

Dungeon Overview and Level Annotations

Branches:
Dungeon (5/15)             Temple (0/1) D:4

Altars:
Cheibriados
Fedhas
Kikubaaqudgha
Okawaru
Qazlal
Ru
Xom
The Shining One

Shops:
D:3 *


Innate Abilities, Weirdness & Mutations

You can wield a second weapon in your off-hand.
It takes a long time for you to wield or remove held weapons.
Your first few attacks do less damage.
Attacking and casting redirects power from your legs.


Message History

* * * LOW HITPOINT WARNING * * *
You feel drained.
* * * LOW HITPOINT WARNING * * *
Okay, then.
Aiming: Corrosive Bolt
Press: ? - help, Shift-Dir - straight line, f - wight, p - wight
Aim: a wight, wielding a +2 hand axe and wearing a +0 robe (moderately damaged, 71% to hit)
The bolt of acid hits the wight.
The acid corrodes the wight!
The wight is severely damaged.
You block the wight's attack. The wight completely misses you.
Unknown command.
You closely miss the wight with your +0 long sword of protection.
The wight is severely damaged.
You barely miss the wight with your +1 short sword of venom.
You hit the wight with your +0 long sword of protection.
The wight is severely damaged.
You barely miss the wight with your +1 short sword of venom.
The wight hits you with a +0 scimitar.
* * * LOW HITPOINT WARNING * * *
You block the wight's attack.
Unknown command.
You slash the wight with your +0 long sword of protection!
You destroy the wight!
Okawaru accepts your kill.
Your Long Blades skill increases to level 7!
Unknown command.
You barely miss the wight with your +1 short sword of venom.
You hit the wight but do no damage. You block the wight's attack.
You hit the wight with your +1 short sword of venom.
The wight is lightly damaged.
You completely miss the wight with your +0 long sword of protection.
The wight closely misses you.
You hit the wight but do no damage.
The wight is lightly damaged.
You hit the wight with your +0 long sword of protection.
You hit the wight with your +0 long sword of protection.
The wight is heavily damaged.
You closely miss the wight with your +1 short sword of venom.
The wight hits you with a +0 scimitar!
You die...

... #... ..###.#.
... ...#... ....
..(..# ....#
#....## . .....
#.....#..^
.....##z).......
.......))@).# .
........#..#...
#.###...#.#....
..#.#....:......#
..#..............#
...........##....#
.##.....##........
.........####.##.#
.........####...##


You could see a wight.

Vanquished Creatures
  An ogre (D:5)
  2 scorpions (D:4)
  2 wights (D:5)
  A jelly (D:4)
  An orc priest (D:5)
  An iguana (D:4)
  Crazy Yiuf (D:3)
  Ijyb (D:3)
  A gnoll (D:1)
  5 adders
  2 ufetubi (D:5)
  A dart slug (D:4)
  5 orcs
  12 endoplasms
  3 giant cockroaches
  7 goblins
  10 hobgoblins
  7 jackals (D:1)
  13 kobolds
  6 quokkas
  10 ball pythons
  6 bats
  3 frilled lizards
  7 rats
108 creatures vanquished.

Vanquished Creatures (others)
  A kobold (D:3)
1 creature vanquished.

Grand Total: 109 creatures vanquished

Notes
Turn   | Place    | Note
-------+----------+-------------------------------------------
     0 | D:1      | runemasterragnar the Coglin Gladiator began the quest for
                  | the Orb.
     0 | D:1      | Reached XP level 1. HP: 16/16 MP: 1/1
    92 | D:1      | Reached XP level 2. HP: 16/22 MP: 2/2
   452 | D:1      | Reached XP level 3. HP: 27/28 MP: 3/3
   516 | D:1      | Found a faded altar of an unknown god.
   726 | D:1      | Reached skill level 4 in Long Blades
  1332 | D:2      | Reached XP level 4. HP: 34/34 MP: 4/4
  1830 | D:3      | Found the +6 shillelagh "Devastator" {shatter}
  1837 | D:3      | Found a runed translucent door.
  1838 | D:3      | Noticed Crazy Yiuf
  1858 | D:3      | Killed Crazy Yiuf
  1993 | D:3      | Noticed an air elemental
  1994 | D:3      | Found a snail-covered altar of Cheibriados.
  1995 | D:3      | Found a stormy altar of Qazlal.
  1996 | D:3      | Found a shimmering altar of Xom.
  2003 | D:3      | Found a glowing golden altar of the Shining One.
  2005 | D:3      | Found a sacrificial altar of Ru.
  2018 | D:3      | Found Mecrish's General Store.
  2025 | D:3      | Bought a potion of curing for 30 gold pieces
  2025 | D:3      | Bought a scroll of identify for 20 gold pieces
  2025 | D:3      | Bought a scroll of noise for 10 gold pieces
  2094 | D:3      | Reached XP level 5. HP: 41/41 MP: 5/5
  2164 | D:3      | Noticed Ijyb
  2167 | D:3      | Found an iron altar of Okawaru.
  2196 | D:3      | Killed Ijyb
  2197 | D:3      | Reached skill level 5 in Long Blades
  2224 | D:3      | Became a worshipper of Warmaster Okawaru
  2391 | D:3      | Noticed a fire elemental
  2392 | D:3      | Noticed a water elemental
  2748 | D:4      | Reached XP level 6. HP: 36/48 MP: 6/6
  2975 | D:4      | Found a staircase to the Ecumenical Temple.
  2987 | D:4      | Reached skill level 6 in Long Blades
  3114 | D:4      | Reached * piety under Okawaru
  3139 | D:4      | Found an ancient bone altar of Kikubaaqudgha.
  3494 | D:4      | Found a blossoming altar of Fedhas.
  3626 | D:5      | Entered Level 5 of the Dungeon
  3664 | D:5      | Reached XP level 7. HP: 49/55 MP: 7/7
  3687 | D:5      | HP: 2/52 [wight/+0 scimitar (6)]
  3689 | D:5      | Reached skill level 7 in Long Blades
  3692 | D:5      | Mangled by a wight

Illustrated notes

Levels and vault maps discovered:
D:1:      eino_arrival_water_cross, layout_basic,
          hellmonk_ecumenical_altar_zigzags, chequers_big_river, minivault_27
D:2:      layout_rooms
D:3:      layout_loops_ring, okawaru_ov_weapons_minmay,
          nicolae_qazlal_style_of_elements,
          nicolae_overflow_macrodata_refinement, serial_shops, shop,
          uniq_crazy_yiuf_cottage, uniq_ijyb
D:4:      layout_loops_ring, mainiacjoe_overflow_paths, marbit_many_paths,
          minmay_temple_entry_offerings, st_stairs_13
D:5:      layout_cave_pools, chequers_serial_rivers_micro_a,
          minmay_misc_feat_ornament

Skill      XL: |  1  2  3  4  5  6  7 |
---------------+----------------------+-----
Long Blades    | 4 5 6 7 |  7.0
Fighting       | 3 4 |  4.9
Throwing       | |  1.7
Dodging        | |  2.6

Action                     |  1- 3 |  4- 6 |  7- 9 || total
---------------------------+-------+-------+-------++-------
  Melee: Long sword        |   103 |   180 |    21 ||   304
         Short sword       |       |    62 |    19 ||    81
  Evoke: Wand              |       |       |     4 ||     4
    Use: Scroll            |     2 |     3 |       ||     5
         Potion            |       |     6 |     2 ||     8
   Stab: Sleeping          |     1 |     3 |       ||     4
         Distracted        |       |     1 |       ||     1
 Armour: Leather armour    |    51 |    95 |       ||   146
         Ring mail         |       |    15 |    19 ||    34
  Dodge: Dodged            |    63 |   102 |    17 ||   182
  Block: Other             |       |    15 |     7 ||    22

Table legend: (Time is in decaauts)
 A = Elapsed time spent in this place.
 B = Non-inter-level travel time spent in this place.
 C = Inter-level travel time spent in this place.
 D = Time resting spent in this place.
 E = Time spent auto-exploring this place.
 F = Levels seen in this place.
 G = Mean time per level.
                   A        B        C        D        E       F      G
               +--------+--------+--------+--------+--------+-----+--------+
         Total |   3734 |   3660 |     74 |      9 |   2810 |   5 |  746.8 |
       Dungeon |   3734 |   3660 |     74 |      9 |   2810 |   5 |  746.8 |
               +--------+--------+--------+--------+--------+-----+--------+

Top non-repeatable levels by time:
     D:1: 1316 daAuts
     D:3: 983 daAuts
     D:4: 889 daAuts
     D:2: 486 daAuts
     D:5: 58 daAuts
